 Dungeon Crawl Stone Soup version 0.20-b1-2-gc5a9893 (webtiles) character file.

94 KeyserSoze the Sneak (level 4, -1/23 HPs)
             Began as a Spriggan Assassin on May 22, 2017.
             Slain by a gnoll
             ... wielding a +0 spear
              (5 damage)
             ... on level 2 of the Dungeon.
             The game lasted 00:06:14 (2220 turns).

KeyserSoze the Sneak (Spriggan Assassin)            Turns: 2220, Time: 00:06:15

Health: -1/23      AC:  3    Str:  7    XL:     4   Next: 38%
Magic:  5/5        EV: 18    Int: 12    God:
Gold:   44         SH:  0    Dex: 18    Spells: 3/3 levels left

rFire    . . .     SeeInvis +   b - +1 blowgun
rCold    . . .     Gourm    .   (shield restricted)
rNeg     . . .     Faith    .   c - +0 robe
rPois    .         Spirit   .   (helmet restricted)
rElec    .         Reflect  .   d - +0 cloak
rCorr    .         Harm     .   (gloves unavailable)
MR       .....                  (boots unavailable)
Stlth    ++++......             (no amulet)
Regen    0.1/turn               (no ring)
MPRegen  0.1/turn               (no ring)

@: very quick
A: unfitting armour, see invisible, herbivore 3, speed 3, slow metabolism 2
a: no special abilities


You were on level 2 of the Dungeon.
You were not hungry.

You visited 1 branch of the dungeon, and saw 2 of its levels.

You collected 44 gold pieces.

Inventory:

Hand Weapons
 a - a +2 dagger
 b - a +1 blowgun (weapon)
 j - a cursed +0 dagger
Armour
 c - a +0 robe (worn)
 d - a +0 cloak (worn)
Scrolls
 h - 2 scrolls of remove curse
 m - a scroll of identify
Potions
 i - a potion of might {unknown}
 k - a potion of agility {unknown}
 n - a potion of curing {unknown}
Comestibles
 g - a bread ration


   Skills:
 - Level 1.8 Fighting
 + Level 3.1 Short Blades
 + Level 2.5 Throwing
 + Level 2.7 Dodging
 + Level 7.2 Stealth


You had 3 spell levels left.
You didn't know any spells.

Dungeon Overview and Level Annotations

Branches:
Dungeon (2/15)

Altars:


Innate Abilities, Weirdness & Mutations

You are very small and have problems with some larger weapons.
You are too small for most types of armour.
You have supernaturally acute eyesight. (SInv)
You are a herbivore.
You cover ground extremely quickly.
You need consume almost no food.


Message History

Press: ? - help, Shift-Dir - straight line, f/p - gnoll
Aim: a gnoll (heavily wounded)
You shoot a curare-tipped needle.
The curare-tipped needle hits the gnoll.
The gnoll is poisoned.
The gnoll convulses.
You kill the gnoll!
You see here a whip.
The gnoll hits you from afar with a spear!
* * * LOW HITPOINT WARNING * * *
Firing (i - inventory):
f - a curare-tipped needle (quivered)
Press: ? - help, Shift-Dir - straight line, f - gnoll
Aim: a gnoll, wielding a spear (moderately wounded)
You shoot a curare-tipped needle.
The curare-tipped needle barely misses the gnoll.
Firing (i - inventory): No suitable missiles.
Press: ? - help, Shift-Dir - straight line, f/p - gnoll
Aim: a gnoll, wielding a spear (moderately wounded)
Okay, then.
The gnoll hits you from afar with a spear.
You die...

#.# #...# ############.###..
#...#
#..........(......#####....
###.###......#(###..#.<.....#
#.....#..###.#.# #..#.......#
#..†..^.)#.###.......^..# .#
###..((..(...####.......#
....###(.(#.(#.#.# #......>#
#....)....@>.#.# #.......#
#####..)g..###.# #.......#
###.#.####.######<..###
#.#.#<......# #...#
#.#.#.##.##.###...#
#.#.#.##...........
.[#.#.##...†........
###.#.###............
#(........###...###


You could see a gnoll.

Vanquished Creatures
  4 gnolls
  An adder (D:2)
  An ooze (D:1)
  A dart slug (D:1)
  5 bats (D:1)
  A giant cockroach (D:1)
  10 goblins (D:1)
  2 hobgoblins (D:1)
  4 jackals (D:1)
  A ball python (D:1)
  A frilled lizard (D:2)
  3 kobolds (D:1)
  6 rats (D:1)
40 creatures vanquished.

Notes
Turn   | Place    | Note
-------+----------+-------------------------------------------
     0 | D:1      | KeyserSoze the Spriggan Assassin began the quest for the Orb.
     0 | D:1      | Reached XP level 1. HP: 10/10 MP: 2/2
    39 | D:1      | Reached skill level 6 in Stealth
    69 | D:1      | Reached XP level 2. HP: 15/15 MP: 3/3
  1337 | D:1      | Reached XP level 3. HP: 17/18 MP: 4/4
  1462 | D:1      | Reached skill level 7 in Stealth
  2190 | D:2      | Reached XP level 4. HP: 14/23 MP: 5/5
  2220 | D:2      | Slain by a gnoll

Skill      XL: |  1  2  3  4 |
---------------+-------------+-----
Stealth        | 6 7 |  7.2
Dodging        | 2 |  2.7
Short Blades   | 3 |  3.1
Fighting       | |  1.8
Throwing       | |  2.5

Action                   |  1- 3 |  4- 6 || total
-------------------------+-------+-------++-------
Melee: Dagger            |   132 |       ||   132
 Fire: Blowgun           |    21 |     4 ||    25
  Use: Scroll            |     4 |       ||     4
 Stab: Sleeping          |     6 |       ||     6
Armor: Robe              |    18 |       ||    18
Dodge: Dodged            |   115 |     2 ||   117
